 Dungeon Crawl Stone Soup version 0.24-a0-93-ge1bfdf8 (console) character file.

Game seed: 1537729771918979758

128 Voker57 the Slasher (level 4, -6/35 HPs)
             Began as a Demonspawn Gladiator on Feb 11, 2019.
             Mangled by a gnoll
             ... wielding a +0 halberd of protection
              (13 damage)
             ... on level 3 of the Dungeon.
             The game lasted 00:01:38 (1787 turns).

Voker57 the Slasher (Demonspawn Gladiator)          Turns: 1787, Time: 00:01:39

Health: -6/35      AC:  4    Str: 14    XL:     4   Next: 87%
Magic:  4/4        EV: 13    Int: 10    God:
Gold:   59         SH:  0    Dex: 15    Spells: 3/3 levels left

rFire    . . .     SeeInvis .   a - +0 long sword
rCold    . . .     Gourm    .   (no shield)
rNeg     . . .     Faith    .   b - +0 leather armour
rPois    .         Spirit   .   c - +0 helmet
rElec    .         Reflect  .   (no cloak)
rCorr    .         Harm     .   (no gloves)
MR       .....                  (no boots)
Stlth    +.........             (no amulet)
HPRegen  0.11/turn              (no ring)
MPRegen  0.09/turn              (no ring)

@: no status effects
A: claws 2
a: no special abilities


You were on level 3 of the Dungeon.
You were not hungry.

You visited 1 branch of the dungeon, and saw 3 of its levels.

You collected 59 gold pieces.

Inventory:

Hand Weapons
 a - a +0 long sword (weapon)
Missiles
 d - 3 throwing nets (quivered)
Armour
 b - a +0 leather armour (worn)
 c - a +0 helmet (worn)
Scrolls
 e - a scroll of remove curse {unknown}
 g - a scroll of immolation {unknown}
 j - a scroll of noise {unknown}
 k - a scroll of magic mapping {unknown}
Potions
 h - 2 potions of heal wounds {unknown}
 i - a potion of mutation {unknown}
Comestibles
 f - a ration


   Skills:
 + Level 3.0 Fighting
 * Level 4.1 Long Blades
 - Level 1.7 Throwing
 + Level 3.4 Dodging


You had 3 spell levels left.
You didn't know any spells.
Your spell library was empty.

Dungeon Overview and Level Annotations

Branches:
Dungeon (3/15)

Altars:


Innate Abilities, Weirdness & Mutations

You have very sharp fingernails.


Message History

The gnoll closely misses you.
You riposte.
You hit the gnoll but do no damage.
The gnoll is moderately wounded.
You closely miss the gnoll.
The gnoll is moderately wounded.
The gnoll closely misses you.
You hit the gnoll but do no damage.
The gnoll is moderately wounded.
The gnoll closely misses you.
You riposte.
You hit the gnoll.
The gnoll is heavily wounded.
You hit the gnoll but do no damage.
The gnoll is heavily wounded.
The gnoll misses you.
You barely miss the gnoll.
The gnoll is heavily wounded.
The gnoll hits you with a +0 halberd of protection!
* * * LOW HITPOINT WARNING * * *
You closely miss the gnoll.
The gnoll is heavily wounded.
The gnoll hits you with a +0 halberd of protection!
You die...

# .### #.#
#. ... #.#
#. ..# #.#
##.. ..
#.#
.....#.
#.#
#...###=#
#..รท...#
##.##..##
... #.<.#
###.###.@#
#...##g#
##.....#
####..#
#.....#
#.....#
#.....#
#######


You could see a gnoll.

Vanquished Creatures
  4 adders (D:2)
  3 gnolls (D:3)
  An adder skeleton (D:2)
  A worm (D:2)
  5 dart slugs
  A ball python (D:2)
  8 bats
  A giant cockroach (D:2)
  4 goblins
  5 hobgoblins
  3 jackals (D:1)
  5 kobolds
  8 frilled lizards
  2 rats (D:2)
51 creatures vanquished.

Notes
Turn   | Place    | Note
-------+----------+-------------------------------------------
     0 | D:1      | Voker57 the Demonspawn Gladiator began the quest for the
                  | Orb.
     0 | D:1      | Reached XP level 1. HP: 16/16 MP: 1/1
   130 | D:1      | Reached skill level 3 in Long Blades
   132 | D:1      | Gained mutation: You have sharp fingernails. [demonic
                  | ancestry]
   132 | D:1      | Reached XP level 2. HP: 18/22 MP: 2/2
   406 | D:1      | You fall through a shaft!
   443 | D:2      | Gained mutation: You have very sharp fingernails. [demonic
                  | ancestry]
   443 | D:2      | Reached XP level 3. HP: 16/28 MP: 3/3
   786 | D:2      | Reached XP level 4. HP: 26/34 MP: 4/4
  1398 | D:3      | Reached skill level 4 in Long Blades
  1787 | D:3      | Mangled by a gnoll

Levels and vault maps discovered:
D:1:      matt_arrival_spirals, layout_basic
D:2:      layout_basic
D:3:      layout_rooms, grunt_ministairs_1

Skill      XL: |  1  2  3  4 |
---------------+-------------+-----
Long Blades    | 3 4 |  4.1
Dodging        | 3 |  3.4
Fighting       | 3 |  3.0
Throwing       | |  1.7

Action                   |  1- 3 |  4- 6 || total
-------------------------+-------+-------++-------
Melee: Long sword        |    83 |    61 ||   144
  Use: Potion            |       |     1 ||     1
 Stab: Sleeping          |     1 |       ||     1
  Eat: Ration            |       |     1 ||     1
       Chunk             |       |     1 ||     1
Armor: Leather armour    |    43 |    18 ||    61
Dodge: Dodged            |    92 |    88 ||   180
       Rpst.: Long sword |    28 |    31 ||    59

Table legend:
 A = Non-vault XP
 B = Vault XP
 C = Vault XP percentage of total XP
 D = Non-vault monster count
 E = Vault monster count
 F = Vault count percentage of total count
                 A         B        C        D         E       F
            +---------+---------+-------+---------+---------+-------
      Total |     184 |       0 |   0.0 |      51 |       0 |   0.0
            +---------+---------+-------+---------+---------+-------
        D:1 |      34 |       0 |   0.0 |      16 |       0 |   0.0
        D:2 |     108 |       0 |   0.0 |      32 |       0 |   0.0
        D:3 |      42 |       0 |   0.0 |       3 |       0 |   0.0
            +---------+---------+-------+---------+---------+-------
